 Dungeon Crawl Stone Soup version 0.31.0 (webtiles) character file.

Game seed: 11815549651031008063

119 qw the Shooter (level 5, 0/33 HPs)
             Began as a Gargoyle Hunter on Jan 19, 2024.
             Slain by an orc
             ... wielding a +0 mace
              (4 damage)
             ... on level 3 of the Dungeon.
             The game lasted 00:00:04 (913 turns).

qw the Shooter (Gargoyle Hunter)                     Turns: 913, Time: 00:00:04

Health: 0/33       AC:  7    Str: 14    XL:     5   Next: 3%
Magic:  5/5        EV: 11    Int: 10    God:
Gold:   52         SH:  0    Dex: 15    Spells: 4/4 levels left

rFire   . . .        a - +0 shortbow
rCold   . . .        (shield currently unavailable)
rNeg    + . .        c - +0 leather armour
rPois   inf          (no helmet)
rElec   +            (no cloak)
rCorr   .            (no gloves)
SInv    .            (no boots)
Will    .....        (no amulet)
Stlth   ++           (no ring)
HPRegen 0.25/turn    (no ring)
MPRegen 0.09/turn

%: no passive effects
@: no status effects
A: sickness immunity, AC +4, negative energy resistance 1, electricity
resistance, torment resistance 1, petrification resistance
a: no special abilities


You were on level 3 of the Dungeon.
You visited 1 branch of the dungeon, and saw 3 of its levels.

You collected 52 gold pieces.


Innate Abilities, Weirdness & Mutations

You are immune to sickness and miasma.
Your stone body is resilient. (AC +4)
You are immune to poison.
You resist negative energy. (rN+)
You are resistant to electric shocks. (rElec)
You are resistant to unholy torment.
You are immune to petrification.


   Skills:
 - Level 4.2 Fighting
 + Level 5.1 Ranged Weapons
 - Level 1.5 Dodging
 - Level 1.1 Stealth


You had 4 spell levels left.
You didn't know any spells.
Your spell library was empty.

Inventory:

Hand Weapons
 a - a +0 shortbow (weapon)
Armour
 b - a +0 ring mail
 c - a +0 leather armour (worn)
Scrolls
 d - 2 scrolls of identify {unknown}
Potions
 e - a potion of curing {unknown}

Dungeon Overview and Level Annotations

Branches:
Dungeon (3/15)

Altars:


Message History

The adder bites you but does no damage. The orc barely misses you.
The orc hits you with a +0 short sword.
You shoot an arrow. The arrow hits the adder!
You kill the adder!
The orc misses you. The orc barely misses you.
You have reached level 5!
You shoot an arrow. The arrow closely misses the orc.
The orc hits you but does no damage. The orc hits you with a +0 mace.
The orc barely misses you. The orc completely misses you.
The orc hits you but does no damage. x2
You shoot an arrow. The arrow hits the orc.
The orc is moderately wounded.
The orc hits you but does no damage. x2; The orc hits you with a +0 short sword.
904 ||| DRINKING potion of heal wounds.
You feel much better. The orc closely misses you.
The orc hits you with a +0 mace. The orc hits you but does no damage.
You shoot an arrow. The arrow closely misses the orc.
The orc hits you but does no damage. x2; The orc hits you with a +0 short sword.
You shoot an arrow. The arrow hits the orc.
You kill the orc!
The orc hits you with a +0 mace. The orc closely misses you.
You shoot an arrow. The arrow barely misses the orc.
The orc barely misses you. The orc hits you with a +0 mace.
You shoot an arrow. The arrow hits the orc.
The orc is heavily wounded.
The orc hits you with a +0 hand axe. The orc hits you with a +0 mace.
You shoot an arrow. The arrow barely misses the orc.
The orc hits you with a +0 mace. The orc misses you.
The orc hits you but does no damage. The orc hits you with a +0 hand axe.
You shoot an arrow.
The arrow hits the orc but does no damage.
The orc is heavily wounded.
The orc closely misses you. x2
You shoot an arrow. The arrow barely misses the orc.
The orc barely misses you. x2
You shoot an arrow. The arrow barely misses the orc.
The orc hits you but does no damage. The orc barely misses you.
You shoot an arrow. The arrow barely misses the orc.
The orc barely misses you. The orc hits you with a +0 mace.
You die...

. .. ###...
#...)
#######).##.#.
####
#...%.@o......
...#
#.#####o......
...# ###.#
...$... ...#
#...# .......
.[.# #...#
.......
...######...#
.....?.
...#......###
)......
.......####
####...
.......#


You could see 2 orcs.

Vanquished Creatures
  A phantom (D:3)
  An adder (D:3)
  2 orcs (D:3)
  A ball python (D:1)
  4 endoplasms
  3 giant cockroaches
  A hobgoblin (D:1)
  4 jackals (D:1)
  3 kobolds (D:1)
  2 bats (D:1)
  A frilled lizard (D:1)
  4 goblins (D:1)
  5 rats (D:1)
32 creatures vanquished.

Notes
Turn   | Place    | Note
-------+----------+-------------------------------------------
     0 | D:1      | qw the Gargoyle Hunter began the quest for the Orb.
     0 | D:1      | Reached XP level 1. HP: 12/12 MP: 1/1
     0 | D:1      | 0 ||| qw: Version: 0.3-a-132-g3d54051
     0 | D:1      | 0 ||| qw: Game counter: 324
     0 | D:1      | 0 ||| qw: Melee chars always use a shield: true
     0 | D:1      | 0 ||| qw: God list: Okawaru
     0 | D:1      | 0 ||| qw: Allow faded altars: false
     0 | D:1      | 0 ||| qw: Do Orc after clearing Dungeon:15 true
     0 | D:1      | 0 ||| qw: Do second Lair branch before Depths: true
     0 | D:1      | 0 ||| qw: Lair rune preference: random
     0 | D:1      | 0 ||| qw: Goals: Normal
     0 | D:1      | 0 ||| PLANNING D:1-11
    34 | D:1      | Reached XP level 2. HP: 14/17 MP: 2/2
   387 | D:1      | Reached XP level 3. HP: 20/21 MP: 3/3
   455 | D:1      | Reached skill level 5 in Ranged Weapons
   603 | D:1      | 603 ||| READING scroll labelled XEDOICW ZUIST.
   604 | D:1      | 604 ||| READING scroll labelled ZAISUO YTEGEATZ.
   605 | D:1      | 605 ||| DRINKING 2 silvery potions.
   606 | D:1      | 606 ||| DROPPING scroll of butterflies.
   701 | D:2      | You fall into a shaft and drop 1 floor!
   789 | D:3      | Noticed a phantom
   811 | D:3      | Killed a phantom
   812 | D:3      | Reached XP level 4. HP: 19/29 MP: 4/4
   902 | D:3      | Reached XP level 5. HP: 13/33 MP: 5/5
   903 | D:3      | HP: 6/33 [orc/+0 short sword (5)]
   904 | D:3      | 904 ||| DRINKING potion of heal wounds.
   908 | D:3      | HP: 8/33 [orc/+0 mace (1)]
   909 | D:3      | HP: 3/33 [orc/+0 hand axe (3)]
   913 | D:3      | Slain by an orc

Levels and vault maps discovered:
D:1:      lemuel_arrival_lava_pool, layout_loops_ring
D:2:      layout_basic, hellmonk_ecumenical_altar_watching_god
D:3:      layout_basic, uniq_grinder

Skill      XL: |  1  2  3 |
---------------+----------+-----
Ranged Weapons | 5 |  5.1
Fighting       | 4 |  4.2
Dodging        | |  1.5
Stealth        | |  1.1

Action                     |  1- 3 |  4- 6 || total
---------------------------+-------+-------++-------
   Fire: Shortbow          |   101 |    26 ||   127
    Use: Scroll            |     2 |       ||     2
         Potion            |     1 |     1 ||     2
 Armour: Leather armour    |    27 |    41 ||    68
  Dodge: Dodged            |    32 |    24 ||    56

Table legend:
 A = Non-vault XP
 B = Vault XP
 C = Vault XP percentage of total XP
 D = Non-vault monster count
 E = Vault monster count
 F = Vault count percentage of total count
                 A         B        C        D         E       F
            +---------+---------+-------+---------+---------+-------
      Total |     170 |       0 |   0.0 |      32 |       0 |   0.0
            +---------+---------+-------+---------+---------+-------
        D:1 |      42 |       0 |   0.0 |      25 |       0 |   0.0
        D:2 |       2 |       0 |   0.0 |       1 |       0 |   0.0
        D:3 |     126 |       0 |   0.0 |       6 |       0 |   0.0
            +---------+---------+-------+---------+---------+-------
